 Dungeon Sprint DCSS version 0.27-a0-1557-g57f10a385c (webtiles) character file.

Game seed: 1585560239764795874

2635 mhtbhm the Cleaver (level 9, -2/86 HPs)
             Began as a Minotaur Fighter on July 15, 2021.
             Was a High Priest of Qazlal.
             Slain by an iron troll (15 damage)
             ... in the Dungeon (Sprint VII: "The Pits").
             The game lasted 00:02:25 (1032 turns).

mhtbhm the Cleaver (Minotaur Fighter)               Turns: 1032, Time: 00:02:26

Health: -2/86      AC: 17    Str: 27    XL:     9   Next: 35%
Magic:  0/14       EV: 15    Int:  5    God:    Qazlal [*****.]
Gold:   0          SH: 20    Dex: 10    Spells: 8/8 levels left

rFire    . . .     SeeInvis .   a - +2 war axe (vorpal)
rCold    . . .     Faith    .   c - +0 kite shield
rNeg     . . .     Spirit   .   b - +5 ring mail
rPois    .         Reflect  .   (helmet restricted)
rElec    .         Harm     .   p - +0 cloak
rCorr    .         Rampage  .   (no gloves)
Will     .....     NoTele   +   (no boots)
Stlth    ..........             (no amulet)
HPRegen  0.24/turn              n - +3 ring of evasion
MPRegen  0.14/turn              o - +3 ring of strength

@: protected from physical damage, repel missiles
A: horns 2, retaliatory headbutt
a: Renounce Religion, Upheaval, Elemental Force, Disaster Area


You were in the Dungeon.
You worshipped Qazlal.
Qazlal was extremely pleased with you.
You visited 1 branch

Inventory:

Hand Weapons
 a - a +2 vorpal war axe (weapon)
Armour
 b - a +5 ring mail (worn)
 c - a +0 kite shield (worn)
 p - a +0 cloak (worn)
Jewellery
 n - a +3 ring of evasion (left hand)
 o - a +3 ring of strength (right hand)
Scrolls
 j - a scroll of blinking
 l - 5 scrolls of amnesia
 m - a scroll of summoning
Potions
 d - 3 potions of might
 e - 7 potions of curing
 f - 5 potions of heal wounds
 g - a potion of haste
 h - 4 potions of magic
 i - 2 potions of berserk rage
 k - 2 potions of invisibility


   Skills:
 + Level 10.3 Fighting
 + Level 12.6 Axes
 + Level 12.5 Armour
 + Level 5.2 Dodging
 + Level 0.1 Stealth
 + Level 11.2 Shields
 * Level 9.2 Invocations


You had 8 spell levels left.
You didn't know any spells.
Your spell library was empty.

Dungeon Overview and Level Annotations

Branches:
Dungeon (1/1)

Altars:
Ashenzari
Cheibriados
Dithmenos
Elyvilon
Fedhas
Gozag
Hepliaklqana
Kikubaaqudgha
Makhleb
Nemelex Xobeh
Okawaru
Qazlal
Ru
Sif Muna
Trog
Uskayaw
Vehumet
Wu Jian
Xom
Yredelemnul
Zin
The Shining One
Beogh
Jiyva
Lugonu


Innate Abilities, Weirdness & Mutations

You have a pair of horns on your head.
You reflexively headbutt those who attack you in melee.


Message History

You slice the deep troll!!
You kill the deep troll!
Qazlal accepts your kill.
You closely miss the deep troll shaman.
The deep troll shaman calls upon its god to speed up the iron troll.
The iron troll seems to speed up.
Your Fighting skill increases to level 10!
Your Dodging skill increases to level 5!
Your Shields skill increases to level 11!
Your Invocations skill increases to level 9!
Unknown command.
Nature churns violently around you!
The blast of magma engulfs the iron troll.
The iron troll partially resists.
The iron troll is lightly wounded.
The blast of ice hits the iron troll!
The iron troll partially resists.
The iron troll is moderately wounded.
The iron troll is flash-frozen.
You block the deep troll shaman's attack. x2
The deep troll shaman claws you but does no damage.
The iron troll bites you!
* * * LOW HITPOINT WARNING * * *
You feel more protected from physical attacks.
You block the iron troll's attack. The iron troll barely misses you.
Unknown command.
Unknown command.
Unknown command.
You feel much better.
You block the deep troll shaman's attack. x2
The deep troll shaman claws you but does no damage.
Unknown command.
The iron troll is engulfed in blazing flames.
The iron troll completely misses you. The iron troll claws you!
You feel more protected from physical attacks.
The iron troll claws you!
* * * LOW HITPOINT WARNING * * *
You block the deep troll shaman's attack. x2
The deep troll shaman closely misses you.
You block the iron troll's attack. The iron troll claws you!
You die...

########## .....##..#
.....##..# .....''..#
#
.....''..##########..#
.....##.†.......@.○..#
.....##.†≈≈....TTT...#
######################


You could see 2 iron trolls and a deep troll shaman.

Vanquished Creatures
  A shadow wraith (D)
  2 deep trolls (D)
  Grinder (D)
  A vampire (D)
  A fire bat (D)
  A floating eye (D)
  A water moccasin (D)
  A kobold brigand (D)
  A gnoll sergeant (D)
  3 killer bees (D)
  An iguana (D)
  8 gnolls (D)
  2 river rats (D)
  2 ufetubi (D)
  A worm (D)
  2 orcs (D)
  A ball python (D)
  2 giant cockroaches (D)
  2 goblins (D)
  2 jackals (D)
  A kobold (D)
37 creatures vanquished.

Notes
Turn   | Place    | Note
-------+----------+-------------------------------------------
     0 | D        | mhtbhm the Minotaur Fighter began the quest for the Orb.
     0 | D        | Reached XP level 1. HP: 19/19 MP: 0/0
    17 | D        | Reached XP level 2. HP: 17/28 MP: 1/1
   134 | D        | Found a bloodstained altar of Trog.
   134 | D        | Found a shimmering blue altar of Sif Muna.
   134 | D        | Found a viscous altar of Jiyva.
   134 | D        | Found a hazy altar of Hepliaklqana.
   134 | D        | Found an opulent altar of Gozag.
   135 | D        | Found a glowing golden altar of the Shining One.
   135 | D        | Found a glowing silver altar of Zin.
   135 | D        | Found a basalt altar of Yredelemnul.
   135 | D        | Found a shimmering altar of Xom.
   135 | D        | Found an ornate altar of the Wu Jian Council.
   135 | D        | Found a sacrificial altar of Ru.
   135 | D        | Found a stormy altar of Qazlal.
   135 | D        | Found an iron altar of Okawaru.
   135 | D        | Found a sparkling altar of Nemelex Xobeh.
   135 | D        | Found a burning altar of Makhleb.
   135 | D        | Found a blossoming altar of Fedhas.
   135 | D        | Found a white marble altar of Elyvilon.
   135 | D        | Found a shadowy altar of Dithmenos.
   135 | D        | Found a snail-covered altar of Cheibriados.
   139 | D        | Found a corrupted altar of Lugonu.
   139 | D        | Found a radiant altar of Vehumet.
   140 | D        | Found a broken altar of Ashenzari.
   140 | D        | Found an ancient bone altar of Kikubaaqudgha.
   140 | D        | Found a hide-covered altar of Uskayaw.
   148 | D        | Became a worshipper of Qazlal Stormbringer
   235 | D        | Reached * piety under Qazlal
   312 | D        | Reached ** piety under Qazlal
   313 | D        | Reached skill level 5 in Armour
   321 | D        | Reached skill level 5 in Fighting
   321 | D        | Reached skill level 5 in Shields
   321 | D        | Reached XP level 3. HP: 21/36 MP: 2/2
   325 | D        | Reached skill level 1 in Dodging
   496 | D        | Noticed a gnoll sergeant
   498 | D        | Noticed a water moccasin
   499 | D        | Noticed Grinder
   502 | D        | Reached *** piety under Qazlal
   506 | D        | Reached skill level 1 in Invocations
   512 | D        | Killed a gnoll sergeant
   513 | D        | Reached skill level 5 in Axes
   513 | D        | Reached XP level 4. HP: 25/44 MP: 2/4
   524 | D        | Killed a water moccasin
   524 | D        | Reached **** piety under Qazlal
   525 | D        | Reached XP level 5. HP: 20/51 MP: 3/7
   559 | D        | Killed Grinder
   560 | D        | Reached skill level 5 in Invocations
   560 | D        | Reached XP level 6. HP: 37/60 MP: 7/9
   570 | D        | Reached ***** piety under Qazlal
   675 | D        | Noticed a fire bat
   680 | D        | Killed a fire bat
   681 | D        | Reached XP level 7. HP: 67/67 MP: 10/10
   683 | D        | Noticed a vampire
   695 | D        | Killed a vampire
   696 | D        | Reached skill level 10 in Axes
   696 | D        | Reached skill level 10 in Armour
   801 | D        | Killed a shadow wraith
   802 | D        | Reached XP level 8. HP: 58/78 MP: 12/12
  1009 | D        | Reached ****** piety under Qazlal
  1014 | D        | Noticed a deep troll
  1016 | D        | Noticed a deep troll
  1020 | D        | Killed a deep troll
  1021 | D        | Reached skill level 10 in Shields
  1021 | D        | Reached XP level 9. HP: 85/85 MP: 14/14
  1022 | D        | Noticed a deep troll shaman
  1023 | D        | Noticed an iron troll
  1024 | D        | Paralysed by a floating eye for 3 turns
  1026 | D        | Noticed an iron troll
  1029 | D        | Killed a deep troll
  1030 | D        | Reached skill level 10 in Fighting
  1030 | D        | Reached skill level 5 in Dodging
  1032 | D        | Slain by an iron troll

Illustrated notes

Levels and vault maps discovered:
D:        pitsprint [storerooms_1, entrance_room_1, metal_vault_2, armoury_2,
          mini_pit_1, grid_room_1, main_hall_1, silver_pit, the_coven_3,
          the_vestibule_1, steel_vault_5, golden_pit, hallway_of_sentries,
          crystal_vault_2, iron_vault_4, final_vault]

Skill      XL: |  1  2  3  4  5  6  7  8  9 |
---------------+----------------------------+-----
Fighting       | 4 5 6 7 9 10 | 10.3
Armour         | 4 5 6 8 9 11 12 | 12.5
Shields        | 4 5 6 7 8 9 10 11 | 11.2
Axes           | 4 5 7 9 11 12 | 12.6
Dodging        | 1 2 3 4 5 |  5.2
Invocations    | 2 4 5 6 7 8 9 |  9.2
Stealth        | |  0.1

Action                   |  1- 3 |  4- 6 |  7- 9 || total
-------------------------+-------+-------+-------++-------
Melee: War axe           |     2 |       |    14 ||    16
       Headbutt          |     7 |     5 |    11 ||    23
       Hand axe          |    35 |    49 |    31 ||   115
Invok: Disaster Area     |       |       |     2 ||     2
  Use: Potion            |     1 |     2 |     6 ||     9
Armor: Scale mail        |    25 |    10 |     6 ||    41
       Ring mail         |       |       |     9 ||     9
Dodge: Dodged            |     7 |     9 |    17 ||    33
Block: Kite shield       |    33 |    24 |    51 ||   108

Table legend: (Time is in decaauts)
 A = Elapsed time spent in this place.
 B = Non-inter-level travel time spent in this place.
 C = Inter-level travel time spent in this place.
 D = Time resting spent in this place.
 E = Time spent auto-exploring this place.
 F = Levels seen in this place.
 G = Mean time per level.
                   A        B        C        D        E       F      G
               +--------+--------+--------+--------+--------+-----+--------+
         Total |   1065 |   1065 |      0 |    573 |     24 |   1 | 1065.0 |
       Dungeon |   1065 |   1065 |      0 |    573 |     24 |   1 | 1065.0 |
               +--------+--------+--------+--------+--------+-----+--------+

Top non-repeatable levels by time:
       D: 1065 daAuts
